 Dungeon Crawl Stone Soup version 0.31-a0-692-gf03d1854d5 (webtiles) character file.

Game seed: 10861731945270711105

87 qw the Shooter (level 4, -6/28 HPs)
             Began as a Gargoyle Hunter on Sept 6, 2023.
             Mangled by a gnoll sergeant
             ... wielding a +0 spear
              (8 damage)
             ... on level 3 of the Dungeon.
             The game lasted 00:00:42 (2009 turns).

qw the Shooter (Gargoyle Hunter)                    Turns: 2009, Time: 00:00:43

Health: -6/28      AC:  7    Str: 14    XL:     4   Next: 51%
Magic:  4/4        EV: 11    Int: 10    God:
Gold:   115        SH:  5    Dex: 15    Spells: 3/3 levels left

rFire   . . .        Y - +0 shortbow
rCold   . . .        (shield currently unavailable)
rNeg    + . .        j - +1 leather armour {Will+}
rPois   inf          (no helmet)
rElec   +            (no cloak)
rCorr   .            (no gloves)
SInv    .            (no boots)
Will    +....        b - amulet of reflection
Stlth   ++           (no ring)
HPRegen 0.24/turn    (no ring)
MPRegen 0.09/turn

%: reflection
@: no status effects
A: sickness immunity, AC +3, negative energy resistance 1, electricity
resistance, torment resistance 1, petrification resistance
a: no special abilities


You were on level 3 of the Dungeon.
You visited 1 branch of the dungeon, and saw 3 of its levels.

You collected 115 gold pieces.


Innate Abilities, Weirdness & Mutations

You are immune to sickness and miasma.
Your stone body is resilient. (AC +3)
You are immune to poison.
You resist negative energy. (rN+)
You are resistant to electric shocks. (rElec)
You are resistant to unholy torment.
You are immune to petrification.


   Skills:
 - Level 3.0 Fighting
 + Level 5.5 Ranged Weapons
 - Level 1.5 Dodging
 - Level 1.1 Stealth


You had 3 spell levels left.
You didn't know any spells.
Your spell library was empty.

Inventory:

Hand Weapons
 Y - a +0 shortbow (weapon)
Armour
 j - a +1 leather armour of willpower (worn)
Jewellery
 b - an amulet of reflection (around neck)
Scrolls
 a - 2 scrolls of identify
 g - a scroll of amnesia {unknown}
Potions
 c - a potion of mutation
 d - a potion of might {unknown}
 e - a potion of curing {unknown}
 f - a potion of magic {unknown}
 i - a potion of enlightenment

Dungeon Overview and Level Annotations

Branches:
Dungeon (3/15)

Altars:
Qazlal

Shops:
D:1 [


Message History

You shoot an arrow. The arrow hits the goblin!
You kill the goblin!
You start resting.
A goblin comes into view. It is wielding a +0 club.
1997 ||| FLEEEEING.
You see here a ball python corpse.
1998 ||| FLEEEEING.
1999 ||| FLEEEEING.
A gnoll sergeant comes into view. It is wielding a +0 spear.
The goblin shouts!
The gnoll sergeant shouts!
You shoot an arrow.
The arrow hits the gnoll sergeant but does no damage.
You shoot an arrow. The arrow hits the gnoll sergeant.
The gnoll sergeant is lightly wounded.
You shoot an arrow.
The arrow barely misses the gnoll sergeant.
The gnoll sergeant hits you from afar with a +0 spear. x2
The goblin closely misses you.
You shoot an arrow. The arrow hits the goblin.
You kill the goblin!
The gnoll sergeant hits you from afar with a +0 spear.
You shoot an arrow. The arrow hits the gnoll sergeant.
The gnoll sergeant is moderately wounded.
The gnoll sergeant hits you but does no damage.
You shoot an arrow.
The arrow barely misses the gnoll sergeant.
You block the gnoll sergeant's attack.
You shoot an arrow.
The arrow hits the gnoll sergeant but does no damage.
The gnoll sergeant is moderately wounded.
The gnoll sergeant hits you from afar with a +0 spear.
You shoot an arrow. The gnoll sergeant blocks the arrow.
The gnoll sergeant barely misses you.
You shoot an arrow. The gnoll sergeant blocks the arrow.
The gnoll sergeant hits you but does no damage.
The gnoll sergeant barely misses you.
You shoot an arrow.
The arrow barely misses the gnoll sergeant.
The gnoll sergeant hits you from afar with a +0 spear!
You die...

.o. ##..
#..oo######
.._.......# #)#.#
#.#.# #%#.##
#.####)...#
#...g.@.#.#
#.#####.#.###
#....^......#
#####..........#
...........#.######
#.................
#...?...##.#######
###...####.# #...#
#.#


You could see a gnoll sergeant.

Vanquished Creatures
  An orc wizard (D:3)
  A worm (D:2)
  2 dart slugs (D:2)
  5 orcs (D:3)
  5 bats (D:1)
  7 endoplasms
  2 giant cockroaches (D:1)
  3 goblins
  2 hobgoblins (D:1)
  3 jackals (D:1)
  A quokka (D:3)
  7 ball pythons
  2 frilled lizards (D:2)
  3 kobolds
  A rat (D:1)
45 creatures vanquished.

Notes
Turn   | Place    | Note
-------+----------+-------------------------------------------
     0 | D:1      | qw the Gargoyle Hunter began the quest for the Orb.
     0 | D:1      | Reached XP level 1. HP: 12/12 MP: 1/1
     0 | D:1      | 0 ||| qw: Version: 0.3-a-76-g4403597
     0 | D:1      | 0 ||| qw: Game counter: 337
     0 | D:1      | 0 ||| qw: Melee chars always use a shield: true
     0 | D:1      | 0 ||| qw: God list: Okawaru
     0 | D:1      | 0 ||| qw: Allow faded altars: false
     0 | D:1      | 0 ||| qw: Do Orc after clearing Dungeon:15 true
     0 | D:1      | 0 ||| qw: Do second Lair branch before Depths: true
     0 | D:1      | 0 ||| qw: Lair rune preference: random
     0 | D:1      | 0 ||| qw: Goals: Normal
     0 | D:1      | 0 ||| PLANNING D:1-11
   192 | D:1      | Found Dekhlen's Armour Boutique.
   200 | D:1      | 200 ||| SHOPLISTING +0 pair of gloves (45 gold, have 24).
   200 | D:1      | 200 ||| SHOPLISTING +0 ring mail (40 gold, have 24).
   200 | D:1      | 200 ||| SHOPLISTING +1 leather armour of Geplideu {*Corrode
                  | rPois Will++ Int+2} (308 gold, have 24).
   200 | D:1      | 200 ||| SHOPLISTING scarf of Distant Worlds {repulsion,
                  | Str+6 Int+2} (338 gold, have 24).
   200 | D:1      | 200 ||| SHOPLISTING scarf of repulsion (120 gold, have 24).
   208 | D:1      | 208 ||| RETREATING.
   212 | D:1      | 212 ||| Stepping ~*~*~tactically~*~*~ (retreating).
   213 | D:1      | 213 ||| Stepping ~*~*~tactically~*~*~ (retreating).
   215 | D:1      | Reached XP level 2. HP: 11/17 MP: 2/2
   612 | D:1      | Reached XP level 3. HP: 21/21 MP: 3/3
   690 | D:1      | 690 ||| UPGRADING to +1 leather armour of willpower.
   700 | D:1      | 700 ||| DROPPING +0 leather armour.
   701 | D:1      | 701 ||| DROPPING ring of wizardry.
   702 | D:1      | 702 ||| READING 2 scrolls labelled LURYUVIUSI.
   703 | D:1      | 703 ||| READING scroll labelled PAONKA JILIZU.
   704 | D:1      | 704 ||| READING scroll labelled FAOMAI LUGESTAE.
   705 | D:1      | 705 ||| READING scroll labelled NAWUDENECH.
   806 | D:1      | 806 ||| DRINKING 2 lumpy cyan potions.
   807 | D:1      | 807 ||| DRINKING 2 glowing orange potions.
   808 | D:1      | 808 ||| DROPPING scroll of butterflies.
   809 | D:1      | 809 ||| DROPPING potion of attraction.
   839 | D:2      | HP: 3/21 [worm (8)]
   841 | D:2      | Reached skill level 5 in Ranged Weapons
  1686 | D:2      | 1686 ||| UPGRADING to amulet of reflection.
  1691 | D:2      | 1691 ||| READING scroll labelled ARHEUCVO HOTTOLUDA.
  1692 | D:2      | 1692 ||| READING scroll labelled OVVEESCH VOSAUSOT.
  1693 | D:2      | 1693 ||| READING 2 scrolls of identify.
  1693 | D:2      | 1693 ||| IDENTIFYING viscous white potion
  1850 | D:3      | Identified the +5 scale mail of the Dropbear {Harm rF+
                  | Regen+}
  1921 | D:3      | Reached skill level 3 in Fighting
  1951 | D:3      | Found a stormy altar of Qazlal.
  1952 | D:3      | 1952 ||| RETREATING.
  1954 | D:3      | 1954 ||| RETREATING.
  1957 | D:3      | 1957 ||| FLEEEEING.
  1965 | D:3      | Reached XP level 4. HP: 16/28 MP: 4/4
  1997 | D:3      | 1997 ||| FLEEEEING.
  1998 | D:3      | 1998 ||| FLEEEEING.
  1999 | D:3      | 1999 ||| FLEEEEING.
  1999 | D:3      | Noticed a gnoll sergeant
  2003 | D:3      | HP: 6/28 [gnoll sergeant/+0 spear (5)]
  2006 | D:3      | HP: 1/28 [gnoll sergeant/+0 spear (6)]
  2009 | D:3      | Mangled by a gnoll sergeant

Levels and vault maps discovered:
D:1:      dpeg_arrival_erosion, layout_loops_cross, serial_shops, shop
D:2:      layout_loops_corners, due_unseen_surprise
D:3:      layout_loops_ring, nicolae_overflow_crystal_walls,
          kennysheep_orc_sif_temple

Skill      XL: |  1  2  3 |
---------------+----------+-----
Ranged Weapons | 5 |  5.5
Fighting       | 3 |  3.0
Dodging        | |  1.5
Stealth        | |  1.1

Action                     |  1- 3 |  4- 6 || total
---------------------------+-------+-------++-------
   Fire: Shortbow          |   118 |    28 ||   146
    Use: Scroll            |     7 |       ||     7
         Potion            |     2 |       ||     2
 Armour: Leather armour    |    40 |    12 ||    52
  Dodge: Dodged            |    35 |     8 ||    43
  Block: Other             |     2 |     7 ||     9

Table legend:
 A = Non-vault XP
 B = Vault XP
 C = Vault XP percentage of total XP
 D = Non-vault monster count
 E = Vault monster count
 F = Vault count percentage of total count
                 A         B        C        D         E       F
            +---------+---------+-------+---------+---------+-------
      Total |     125 |       0 |   0.0 |      45 |       0 |   0.0
            +---------+---------+-------+---------+---------+-------
        D:1 |      36 |       0 |   0.0 |      20 |       0 |   0.0
        D:2 |      20 |       0 |   0.0 |       8 |       0 |   0.0
        D:3 |      69 |       0 |   0.0 |      17 |       0 |   0.0
            +---------+---------+-------+---------+---------+-------
